 Dungeon Crawl Stone Soup version 0.32-a0-450-g080537f31e (webtiles) character file.

Game seed: 11307771077448399357

7196 HC7 the Changeling (level 10, -1/96 HPs)
             Began as a Troll Shapeshifter on Feb 20, 2024.
             Was a Believer of Sif Muna.
             Slain by a cane toad (21 damage)
             ... on level 1 of the Lair of Beasts on Feb 23, 2024.
             The game lasted 00:51:36 (9445 turns).

HC7 the Changeling (Troll Shapeshifter)             Turns: 9445, Time: 00:51:37

Health: -1/96      AC: 10    Str: 24    XL:     10   Next: 87%
Magic:  14/14      EV: 11    Int:  8    God:    Sif Muna [**....]
Gold:   570        SH:  0    Dex: 13    Spells: 9/16 levels left

rFire   + . .        K - +6 flail (protect)
rCold   . . .        (no shield)
rNeg    . . .        G - +2 robe {Will+}
rPois   .            (helmet currently unavailable)
rElec   .            (cloak currently unavailable)
rCorr   .            (gloves unavailable)
SInv    .            (boots unavailable)
Will    +....        W - amulet of the acrobat
Stlth   ++           I - ring "Nusegh" {Fly rF+ Dex+2 Slay+2}
HPRegen 1.16/turn    h - +4 ring of protection
MPRegen 0.14/turn

%: acrobat
@: lethally poisoned (-1 -> -1), beast-form, flying
A: beast (slay +4), large, unfitting armour, claws 3, regeneration 1, shaggy fur
1, tough skin 1
a: Begin Untransformation, Renounce Religion, Channel Magic


You were on level 1 of the Lair of Beasts.
You worshipped Sif Muna.
Sif Muna was pleased with you.
You were a hulking beast.
You visited 3 branches of the dungeon, and saw 11 of its levels.

You collected 594 gold pieces.
You spent 24 gold pieces at shops.

Inventory:

Hand Weapons
 a - a +2 vampiric halberd
 n - a +2 executioner's axe of electrocution
 r - a +4 trident of draining
 y - a +1 great sword of holy wrath
 K - a +6 flail of protection (weapon)
 O - a +0 spear of venom
 Q - a +1 long sword of freezing
 R - a +1 glaive of flaming
 Y - a +3 great sword
 Z - a +3 falchion
Missiles
 A - a throwing net (quivered)
Armour
 v - an orb of mayhem
 G - a +2 robe of willpower (worn)
Jewellery
 e - a +6 ring of intelligence
 f - a ring of see invisible
 h - a +4 ring of protection (right claw)
 j - a ring of fire
 m - a ring of ice
 x - a +6 ring of intelligence
 z - a ring of wizardry
 I - the ring "Nusegh" (left claw) {Fly rF+ Dex+2 Slay+2}
   (You found it on level 4 of the Dungeon)

   [ring of protection from fire]

   Dex+2:     It affects your dexterity (+2).
   Slay+2:    It affects your accuracy & damage with ranged weapons and melee
   (+2).
   rF+:       It protects you from fire.
   Fly:       It grants you flight.
 W - an amulet of the acrobat (around neck)
Talismans
 d - a flux talisman
 o - a beast talisman (active)
 E - a serpent talisman
Wands
 u - a wand of polymorph (1)
 D - a wand of paralysis (8)
 F - a wand of mindburst (23)
 H - a wand of flame (21)
 N - a wand of quicksilver (4)
 T - a wand of iceblast (12)
Scrolls
 w - a scroll of identify
 J - a scroll of teleportation
 X - a scroll of vulnerability
Potions
 b - 2 potions of lignification
 c - a potion of berserk rage
 g - 2 potions of attraction
 i - 4 potions of curing
 k - a potion of heal wounds
 l - a potion of magic {unknown}
 p - 2 potions of might
 q - 3 potions of brilliance
 s - 4 potions of mutation
 t - a potion of degeneration
 B - a potion of resistance {unknown}
 C - a potion of haste {unknown}
 P - a potion of invisibility {unknown}
 U - a potion of enlightenment {unknown}
 V - 2 potions of cancellation {unknown}


   Skills:
 * Level 5.2 Fighting
 + Level 6.0 Maces & Flails
 + Level 5.2 Dodging
 * Level 3.7 Stealth
 + Level 6.5 Unarmed Combat
 * Level 3.7 Spellcasting
 + Level 0.6 Conjurations
 + Level 0.5 Earth Magic
 * Level 7.1 Shapeshifting


You had 9 spell levels left.
You knew the following spells:

 Your Spells              Type           Power      Damage    Failure   Level
a - Blink                 Tloc           2%         N/A       41%         2
b - Searing Ray           Conj           4%         2d4       34%         2
c - Passwall              Erth           2%         N/A       56%         3

Your spell library contained the following spells:

 Spells                   Type           Power      Damage    Failure   Level
 Magic Dart               Conj           8%         1d3       22%         1
 Call Imp                 Summ           2%         N/A       41%         2
 Ensorcelled Hibernation  Hex/Ice        2%         N/A       41%         2
 Lesser Beckoning         Tloc           2%         N/A       41%         2
 Frozen Ramparts          Ice            2%         1d1       65%         3
 Gell's Gravitas          Tloc           1%         N/A       65%         3
 Swiftness                Air            1%         N/A       65%         3
 Teleport Other           Tloc           1%         N/A       65%         3
 Fulminant Prism          Conj/Alch      1%         3d5       95%         4
 Leda's Liquefaction      Alch/Erth      0%         N/A       95%         4
 Petrify                  Alch/Erth      1%         N/A       95%         4
 Metabolic Englaciation   Hex/Ice        0%         N/A       100%        5


Dungeon Overview and Level Annotations

Branches:
Dungeon (9/15)             Temple (1/1) D:4            Lair (1/5) D:9
    Orc: D:9-12

Altars:
Ashenzari
Cheibriados
Dithmenos
Fedhas
Hepliaklqana
Kikubaaqudgha
Makhleb
Nemelex Xobeh
Okawaru
Qazlal
Ru
Sif Muna
Trog
Vehumet
Xom
Yredelemnul
Zin
The Shining One

Shops:
D:2 *=   D:8 !

Portals:
Volcano: Lair:1


Innate Abilities, Weirdness & Mutations

You are a hulking beast.
Your limbs bulge with bestial killing power. (Slay +4)
You are too large for most types of armour.
You have claws for hands.
Your natural rate of healing is unusually fast.
You are covered in fur. (AC +1)
You have tough skin. (AC +1)


Message History

You are poisoned.
The cane toad poisons you!
You closely miss the cane toad.
The cane toad is almost dead.
You feel very sick. The cane toad stings you.
You feel very sick.
You hit the cane toad but do no damage.
The cane toad is almost dead.
You feel very sick. The cane toad misses you. The cane toad stings you.
You are more poisoned.
The cane toad poisons you!
You closely miss the cane toad.
The cane toad is almost dead.
You feel very sick.
The cane toad stings you but does no damage.
You closely miss the cane toad.
The cane toad is almost dead.
You feel very sick. The cane toad stings you.
You barely miss the cane toad.
The cane toad is almost dead.
You feel very sick. The cane toad barely misses you.
You feel very sick. The cane toad closely misses you.
You hit the cane toad.
Your weapon exudes an aura of protection.
The cane toad is almost dead.
You feel sick. The cane toad stings you!
* * * LOW HITPOINT WARNING * * *
You barely miss the cane toad.
The cane toad is almost dead.
You feel sick. The cane toad closely misses you.
You feel sick. The cane toad misses you.
You completely miss the cane toad.
The cane toad is almost dead.
You feel sick. The cane toad stings you!!
You die...

#.##.........#*.######,,*,,***,,*
...#.....#..#*##.....,,**,,,**,,*
##.........####....#,,,***,,,*,,*
..........###.#...#,*,#* *,,,,,,,
..........###.....##,.##**,,,,,,*
...........#..$....#...#*,,*,,,,*
........................,,,**,,,*
.............P#.F.......,*****,**
..........>...#.h.......,* *,,,
...^..#.................,******,,
.....#.....###.#P..#####,,**,*,,,
..####......#####..# *,,,,,,,,,
######......######.#****,,,,,**,,
#####......†####*.#,**,,,,****,,
##∩##.....#..###*..,,,,*,******,
#...##....#..<.#,...,***,,,**,,,
##.###...####.....#,,*,,,,,**,,,


You could see a cane toad.

Vanquished Creatures
  Pikel (D:8)
  An ugly thing (D:7)
  Maggie (D:7)
  Jeremiah (D:8)
  A komodo dragon (D:9)
  The ghost of adelrune the Grasshopper, an amateur CoWr (D:4)
  A wyvern (D:9)
  Eustachio (D:4)
  A steam dragon (D:9)
  7 yaks
  Edmund (D:4)
  3 water moccasins
  2 orc warriors
  2 black bears
  2 ice beasts
  A sky beast (D:6)
  4 centaurs
  2 ogres (D:6)
  3 lemures (D:8)
  2 phantoms
  A kobold brigand (D:8)
  2 gnoll sergeants
  5 bullfrogs
  4 scorpions
  5 wights (D:7)
  6 killer bees (D:9)
  A bombardier beetle (D:4)
  2 jellies (D:8)
  7 orc priests
  2 hounds (D:5)
  A sleepcap (D:4)
  3 orc wizards
  2 iguanas
  Robin (D:4)
  9 adders
  12 gnolls
  A white imp (D:7)
  4 ufetubi (D:5)
  4 dart slugs
  4 ribbon worms
  28 orcs
  8 ball pythons
  9 endoplasms
  4 giant cockroaches
  7 hobgoblins
  2 jackals (D:3)
  4 quokkas
  6 bats
  3 frilled lizards
  8 goblins
  12 kobolds
  2 rats
207 creatures vanquished.

Notes
Turn   | Place    | Note
-------+----------+-------------------------------------------
     0 | D:1      | HC7 the Troll Shapeshifter began the quest for the Orb.
     0 | D:1      | Reached XP level 1. HP: 18/18 MP: 0/0
   258 | D:1      | Reached XP level 2. HP: 26/26 MP: 1/1
  1067 | D:2      | Reached XP level 3. HP: 32/32 MP: 2/2
  1132 | D:2      | Reached skill level 1 in Fighting
  1135 | D:2      | Found Xyunoil's General Store.
  1145 | D:2      | Bought a scroll of identify for 24 gold pieces
  1170 | D:2      | Found a faded altar of an unknown god.
  1628 | D:2      | Found Nech's Jewellery Boutique.
  2059 | D:3      | Noticed an ice beast
  2077 | D:3      | Reached XP level 4. HP: 39/41 MP: 3/3
  2159 | D:3      | Noticed a water moccasin
  2171 | D:3      | Killed a water moccasin
  2172 | D:3      | Reached skill level 4 in Shapeshifting
  2172 | D:3      | Reached XP level 5. HP: 47/48 MP: 3/5
  2689 | D:3      | Reached skill level 1 in Stealth
  3001 | D:3      | Learned a level 2 spell: Blink
  3004 | D:3      | Learned a level 2 spell: Searing Ray
  3052 | D:3      | Killed an ice beast
  3053 | D:3      | Reached skill level 1 in Spellcasting
  3053 | D:3      | Reached XP level 6. HP: 57/57 MP: 2/6
  3265 | D:4      | Found a staircase to the Ecumenical Temple.
  3498 | Temple   | Entered the Ecumenical Temple
  3680 | D:4      | You fall into a shaft and drop 3 floors!
  3682 | D:7      | Noticed a water moccasin
  3695 | D:7      | Killed a water moccasin
  3739 | D:6      | Noticed a sky beast
  3743 | D:6      | Killed a sky beast
  3744 | D:6      | Reached XP level 7. HP: 65/65 MP: 6/8
  3759 | D:6      | Reached skill level 5 in Unarmed Combat
  3914 | D:5      | Entered Level 5 of the Dungeon
  4170 | D:4      | Noticed Robin
  4188 | D:4      | Reached XP level 8. HP: 74/74 MP: 9/9
  4218 | D:4      | Killed Robin
  4262 | D:4      | Found a basalt altar of Yredelemnul.
  4276 | D:4      | Identified the ring "Nusegh" {Fly rF+ Dex+2 Slay+2}
  4551 | D:4      | Found a broken altar of Ashenzari.
  4662 | D:4      | Noticed Edmund
  4750 | D:4      | Killed Edmund
  4782 | D:4      | Noticed Eustachio
  4995 | D:4      | Killed Eustachio
  4996 | D:4      | Reached skill level 5 in Shapeshifting
  5115 | D:4      | Found a runed translucent door.
  5119 | D:4      | Noticed adelrune's ghost (amateur CoWr)
  5132 | D:4      | Killed adelrune's ghost
  5133 | D:4      | Reached skill level 1 in Maces & Flails
  5647 | D:5      | Reached XP level 9. HP: 80/83 MP: 11/11
  5681 | D:5      | Upgraded the game from 0.32-a0-411-g744942f433 to
                  | 0.32-a0-450-g080537f31e
  6091 | D:5      | Learned a level 3 spell: Passwall
  6305 | D:6      | Found a shimmering blue altar of Sif Muna.
  6331 | D:6      | Became a worshipper of Sif Muna the Loreminder
  6800 | D:6      | Found a sparkling altar of Nemelex Xobeh.
  6936 | D:7      | Found a radiant altar of Vehumet.
  6968 | D:7      | Noticed Maggie
  7194 | D:7      | Noticed a purple ugly thing
  7218 | D:7      | Killed a purple ugly thing
  7413 | D:7      | Killed Maggie
  7684 | D:7      | Reached skill level 6 in Shapeshifting
  7733 | D:8      | Reached XP level 10. HP: 88/94 MP: 10/13
  7822 | D:8      | Reached * piety under Sif Muna
  7937 | D:8      | Noticed Pikel
  8123 | D:8      | Noticed Jeremiah
  8211 | D:8      | Killed Jeremiah
  8377 | D:8      | Reached skill level 5 in Dodging
  8443 | D:8      | Killed Pikel
  8472 | D:8      | Found Amezi's Distillery.
  8621 | D:9      | Reached skill level 5 in Maces & Flails
  8759 | D:9      | Reached skill level 7 in Shapeshifting
  8972 | D:9      | Reached skill level 5 in Fighting
  9107 | D:9      | Found a staircase to the Lair.
  9238 | D:9      | Reached ** piety under Sif Muna
  9243 | D:9      | Found a shadowy altar of Dithmenos.
  9376 | Lair:1   | Entered Level 1 of the Lair of Beasts
  9391 | Lair:1   | Found a dark tunnel.
  9420 | Lair:1   | Noticed a cane toad
  9445 | Lair:1   | Slain by a cane toad

Illustrated notes

Levels and vault maps discovered:
D:1:      heliophobic_arrival_dark_side_of_the_moon, layout_loops_corners,
          chequers_serial_rivers_small_3
D:2:      layout_basic, serial_shops, shop, shop,
          shapermc_ecumenical_altar_hornbeckon, grunt_decor_cap
D:3:      layout_loops_corners
D:4:      layout_loops_cross, overflow_temple_1_default,
          yredelemnul_altar_generic, minmay_temple_entry_mist,
          ebering_ghost_reflecting_pool, serial_co_window_serial,
          co_window_of_opportunity_a, co_window_corner_a, co_window_paths_b,
          co_window_corner_a, co_window_of_opportunity_a,
          co_window_of_opportunity_a, co_window_of_opportunity_b,
          co_window_unsneaky_path_b, co_window_unsneaky_path_a, glass_columns_b,
          glass_columns_a, glass_columns_b, glass_columns_a, glass_columns_a,
          uniq_edmund, uniq_eustachio, uniq_robin
D:5:      black_bear_nest_1, layout_loops_cross, hangedman_decor_clover_reticule
D:6:      layout_gridville, mainiacjoe_overflow_small_starburst,
          nemelex_dance_club_becter
D:7:      layout_basic, nicolae_vehumet_altar_sigil, uniq_maggie
D:8:      layout_rooms, serial_shops, nicolae_stop_n_shop_2, uniq_pikel,
          uniq_jeremiah
D:9:      layout_loops_ring, nicolae_dithmenos_the_darkroom, david_lair_shrubbed
Temple:   chequers_temple_sunken
Lair:1:   minmay_lair_oklob_chamber, layout_layer_cave, enter_volcano_4,
          grunt_forest_small_clearings

Skill      XL: |  1  2  3  4  5  6  7  8  9 10 |
---------------+-------------------------------+-----
Fighting       | 1 2 3 4 5 |  5.2
Dodging        | 2 3 4 5 |  5.2
Unarmed Combat | 4 5 6 |  6.5
Shapeshifting  | 4 5 6 7 |  7.1
Stealth        | 1 2 3 |  3.7
Spellcasting   | 1 2 3 |  3.7
Maces & Flails | 1 4 6 |  6.0
Conjurations   | |  0.6
Earth Magic    | |  0.5

Action                     |  1- 3 |  4- 6 |  7- 9 | 10-12 || total
---------------------------+-------+-------+-------+-------++-------
  Melee: Unarmed           |    70 |    90 |   128 |       ||   288
         Punch             |     1 |     4 |     3 |       ||     8
         Flail             |       |       |   206 |   223 ||   429
   Cast: Searing Ray       |       |     1 |     6 |     1 ||     8
         Passwall          |       |       |     2 |       ||     2
         Blink             |       |       |       |     1 ||     1
    Use: Scroll            |     4 |     3 |     9 |     8 ||    24
         Potion            |       |       |       |     1 ||     1
   Stab: Sleeping          |       |     1 |     4 |     1 ||     6
 Armour: Animal skin       |    63 |    72 |    27 |       ||   162
         Robe              |       |       |   418 |   203 ||   621
  Dodge: Dodged            |    35 |    57 |   334 |   194 ||   620
         Form:             |     2 |     1 |       |       ||     3
         Beast             |     2 |     1 |       |       ||     3

Table legend: (Time is in decaauts)
 A = Elapsed time spent in this place.
 B = Non-inter-level travel time spent in this place.
 C = Inter-level travel time spent in this place.
 D = Time resting spent in this place.
 E = Time spent auto-exploring this place.
 F = Levels seen in this place.
 G = Mean time per level.
                   A        B        C        D        E       F      G
               +--------+--------+--------+--------+--------+-----+--------+
         Total |   9523 |   8486 |   1037 |      0 |   4559 |  11 |  865.7 |
       Dungeon |   9351 |   8319 |   1032 |      0 |   4548 |   9 | 1039.0 |
        Temple |    100 |     95 |      5 |      0 |      0 |   1 |  100.0 |
          Lair |     70 |     70 |      0 |      0 |     11 |   1 |   70.0 |
               +--------+--------+--------+--------+--------+-----+--------+

Top non-repeatable levels by time:
     D:3: 1437 daAuts
     D:4: 1375 daAuts
     D:2: 1066 daAuts
     D:5: 992 daAuts
     D:1: 956 daAuts
     D:6: 945 daAuts
     D:8: 916 daAuts
     D:7: 885 daAuts
     D:9: 776 daAuts
  Temple: 100 daAuts
  Lair:1: 70 daAuts
